 Dungeon Crawl Stone Soup version 0.27.1-15-g792fb953b9 (webtiles) character file.

Game seed: 2808076356420853422

91 boopmooplesden the Twirler (level 4, 0/27 HPs)
             Began as a Gargoyle Gladiator on Nov 21, 2021.
             Slain by an orc wizard (4 damage)
             ... on level 3 of the Dungeon.
             The game lasted 00:02:21 (2225 turns).

boopmooplesden the Twirler (Gargoyle Gladiator)     Turns: 2225, Time: 00:02:22

Health: 0/27       AC:  7    Str: 18    XL:     4   Next: 57%
Magic:  4/4        EV: 12    Int:  9    God:
Gold:   81         SH:  0    Dex: 11    Spells: 3/3 levels left

rFire    . . .     SeeInvis .   a - +0 quarterstaff
rCold    . . .     Faith    .   (shield currently unavailable)
rNeg     + + .     Spirit   .   b - +0 leather armour
rPois    ∞         Reflect  .   c - +0 helmet
rElec    +         Harm     .   (no cloak)
rCorr    +         Rampage  .   (no gloves)
Will     .....                  (no boots)
Stlth    +.........             (no amulet)
HPRegen  0.09/turn              g - ring of positive energy
MPRegen  0.09/turn              n - ring of resist corrosion

@: no status effects
A: sickness immunity, AC +3, negative energy resistance 1, electricity
resistance, torment resistance 1, petrification resistance
a: no special abilities


You were on level 3 of the Dungeon.
You visited 1 branch of the dungeon, and saw 3 of its levels.

You collected 81 gold pieces.

Inventory:

Hand Weapons
 a - a +0 quarterstaff (weapon)
Missiles
 d - a throwing net (quivered)
Armour
 b - a +0 leather armour (worn)
 c - a +0 helmet (worn)
 o - a +0 chain mail
Jewellery
 g - a ring of positive energy (left hand)
 n - a ring of resist corrosion (right hand)
Scrolls
 f - a scroll of identify {unknown}
 h - a scroll of summoning {unknown}
 k - a scroll of acquirement {unknown}
 m - a scroll of teleportation {unknown}
Potions
 e - 3 potions of attraction {unknown}
 i - a potion of heal wounds {unknown}
 j - a potion of curing {unknown}
 l - a potion of magic {unknown}


   Skills:
 + Level 2.6 Fighting
 + Level 4.0 Staves
 + Level 2.2 Throwing
 + Level 1.5 Armour
 + Level 2.8 Dodging


You had 3 spell levels left.
You didn't know any spells.
Your spell library contained the following spells:

 Spells                   Type           Power      Damage    Failure   Level
 Pain                     Necr           0%         1d4       43%         1
 Passwall                 Tmut/Erth      0%         N/A       58%         2
 Swiftness                Air            0%         N/A       82%         3
 Agony                    Necr           0%         N/A       100%        5
 Excruciating Wounds      Necr           0%         N/A       100%        5
 Invisibility             Hex            0%         N/A       100%        6


Dungeon Overview and Level Annotations

Branches:
Dungeon (3/15)

Altars:

Shops:
D:1 *


Innate Abilities, Weirdness & Mutations

You are immune to sickness and miasma.
Your stone body is resilient. (AC +3)
You are immune to poison.
You resist negative energy. (rN+)
You are resistant to electric shocks. (rElec)
You are resistant to unholy torment.
You are immune to petrification.


Message History

Really target yourself?
Okay, then.
Throw: 3 throwing nets
Press: ? - help, Q - select action Shift-Dir - straight line You throw a throwing net.
You hear some strange, mumbled words.
You are confused.
Non-targeted confused throw: 2 throwing nets
Press: ? - help, Q - select action Dir - look around, f - activate You throw a throwing net.
Something hits you.
You bump into the rock wall.
Something hits you.
Unknown command.
You completely miss something. Something hits you but does no damage.
You hit something. Something hits you but does no damage.
You completely miss something. Something hits you.
Unknown command.
You see here a +0 short sword.
You're too confused to move!
You feel less confused. Something hits you but does no damage.
You hit something. Something hits you.
You barely miss something. Something barely misses you.
You barely miss something. Something hits you but does no damage.
You barely miss something. Something hits you. x2
You barely miss something. Something hits you.
You miss something. Something hits you but does no damage.
You barely miss something. Something completely misses you.
You miss something.
You hear some strange, mumbled words.
A magic dart appears from out of thin air!
The magic dart hits you.
* * * LOW HITPOINT WARNING * * *
You miss something.
You hear some strange, mumbled words.
A magic dart appears from out of thin air!
The magic dart hits you.
* * * LOW HITPOINT WARNING * * *
You miss something. Something hits you.
You die...

#.### #)..# ..#.######
#.#......# #..#####.#
##.#####.########
##.#>............ #####
##.#.###.##########.....#
...#............@{).....(
####.#...........##......
#######.....# ####.
#.....# ##'#### #.. #...
#.... #+####


There were no monsters in sight!

Vanquished Creatures
  4 adders (D:2)
  A worm (D:2)
  A dart slug (D:2)
  3 orcs (D:3)
  2 ball pythons
  2 bats
  3 endoplasms (D:1)
  4 giant cockroaches
  3 hobgoblins
  6 jackals (D:2)
  2 quokkas
  3 frilled lizards
  4 goblins
  2 kobolds
  2 rats (D:1)
42 creatures vanquished.

Notes
Turn   | Place    | Note
-------+----------+-------------------------------------------
     0 | D:1      | boopmooplesden the Gargoyle Gladiator began the quest for
                  | the Orb.
     0 | D:1      | Reached XP level 1. HP: 12/12 MP: 1/1
    48 | D:1      | Found Duutios's General Store.
   131 | D:1      | Reached XP level 2. HP: 16/17 MP: 2/2
   743 | D:2      | Reached XP level 3. HP: 19/22 MP: 3/3
  1048 | D:2      | Found a faded altar of an unknown god.
  1498 | D:2      | Reached skill level 1 in Armour
  1498 | D:2      | Reached XP level 4. HP: 16/27 MP: 4/4
  2204 | D:3      | Reached skill level 4 in Staves
  2225 | D:3      | Slain by an orc wizard

Illustrated notes

Levels and vault maps discovered:
D:1:      dpeg_arrival_tiny_g, layout_loops_ring, serial_shops, shop,
          minmay_misc_feat_ornament
D:2:      layout_basic, hellmonk_ecumenical_altar_pennies_from_heaven,
          kennysheep_another_room, grunt_decor_mini_mirrors
D:3:      layout_basic, uniq_ijyb

Skill      XL: |  1  2  3  4 |
---------------+-------------+-----
Throwing       | 2 |  2.2
Armour         | 1 |  1.5
Staves         | 4 |  4.0
Fighting       | |  2.6
Dodging        | |  2.8

Action                   |  1- 3 |  4- 6 || total
-------------------------+-------+-------++-------
Melee: Quarterstaff      |    93 |    49 ||   142
Throw: Throwing net      |       |     2 ||     2
Armor: Leather armour    |    37 |    16 ||    53
Dodge: Dodged            |    49 |    26 ||    75
